 Dungeon Crawl Stone Soup version 0.22-a0-601-gb0ed703 (webtiles) character file.

85 sking99 the Insei (level 4, 0/36 HPs)
             Began as a Draconian Transmuter on July 6, 2018.
             Slain by an orc wizard
             ... wielding a +0 dagger
              (4 damage)
             ... on level 2 of the Dungeon.
             The game lasted 00:03:45 (1900 turns).

sking99 the Insei (Draconian Transmuter)            Turns: 1900, Time: 00:03:45

Health: 0/36       AC:  5    Str: 12    XL:     4   Next: 25%
Magic:  5/7        EV: 12    Int: 14    God:
Gold:   173        SH:  0    Dex: 12    Spells: 4/7 levels left

rFire    . . .     SeeInvis .     - Unarmed
rCold    . . .     Gourm    .   (no shield)
rNeg     . . .     Faith    .   (armour unavailable)
rPois    .         Spirit   .   (helmet restricted)
rElec    .         Reflect  .   (no cloak)
rCorr    .         Harm     .   (no gloves)
MR       .....                  (no boots)
Stlth    +.........             (no amulet)
HPRegen  0.12/turn              (no ring)
MPRegen  0.10/turn              (no ring)

@: no status effects
A: unfitting armour, talons 1, blurry vision 1, deterioration 1, cold-blooded,
AC +5
a: no special abilities


You were on level 2 of the Dungeon.
You were very hungry.

You visited 1 branch of the dungeon, and saw 3 of its levels.

You collected 173 gold pieces.

Inventory:

Missiles
 a - 23 arrows (quivered)
Armour
 b - a +0 large shield
Jewellery
 n - an uncursed ring of positive energy {unknown}
Scrolls
 d - 3 scrolls of teleportation {unknown}
 e - a scroll of fear {unknown}
 f - 3 scrolls of identify {unknown}
 g - a scroll of blinking {unknown}
 h - 3 scrolls of remove curse {unknown}
 j - a scroll of enchant armour {unknown}
 q - a scroll of fog {unknown}
Potions
 i - a potion of resistance {unknown}
 k - a potion of heal wounds {unknown}
 l - a potion of degeneration {unknown}
 m - a potion of mutation
 o - a potion of curing {unknown}
 r - a potion of lignification {unknown}
Comestibles
 c - 5 rations


   Skills:
 - Level 1.7 Fighting
 - Level 1.7 Dodging
 * Level 4.5 Unarmed Combat
 - Level 2.0 Spellcasting
 + Level 2.7 Transmutations


You had 4 spell levels left.
You knew the following spells:

 Your Spells              Type           Power        Failure   Level  Hunger
a - Beastly Appendage     Tmut           #.....       8%          1    ##.....
b - Sticks to Snakes      Tmut           #.......     12%         2    ###....

Your spell library contained the following spells:

 Spells                   Type           Power        Failure   Level  Hunger
 Spider Form              Tmut/Pois      #.........   38%         3    ####...
 Blade Hands              Tmut           #.........   91%         5    ######.
 Ice Form                 Ice/Tmut       #.......     80%         4    #####..


Dungeon Overview and Level Annotations

Branches:
Dungeon (3/15)

Altars:
Elyvilon


Innate Abilities, Weirdness & Mutations

Your plain brown scales are hard. (AC +5)
You cannot fit into any form of body armour.
You are cold-blooded and may be slowed by cold attacks.
You have sharp toenails.
Scrolls take you a little longer to read.
Your body sometimes deteriorates upon taking damage.


Message History

It was a potion of mutation.
You feel extremely strange.
You feel yourself wasting away.
Your vision blurs.
Your toenails lengthen and sharpen.
Your ball python barely misses the orc wizard.
Your ball python grabs the orc wizard.
Your ball python constricts the orc wizard.
The orc wizard completely misses you. The orc wizard misses you.
You hit the orc wizard but do no damage.
Your ball python completely misses the orc wizard.
Your ball python constricts the orc wizard.
The orc wizard misses you.
You hit the orc wizard. You claw the orc wizard.
The orc wizard is heavily wounded.
The orc wizard points at you and mumbles some strange words.
The magic dart hits you!
* * * LOW HITPOINT WARNING * * *
Your ball python bites the orc wizard.
Your ball python constricts the orc wizard.
The orc wizard hits you with a dagger.
You die...

#..## #..# #..# # #..#
##.##### ##..# # #..#
#.....###...#### # #..#
#####..#..#....###### #..#
######.#.###....##... #..#
##.................... #..#
#...###.######.##..###
#..####...###.######..#..#
#..#....#.o@o.........#..###
##.#..####....S.............#
###..#.##
#...........>....##..
#<.....#
#................####
#......# #................#
#.....## #................#
###..## #...)............# ##
#รท.# #.....)..........###.
#..# ##........)......#...


You could see 2 orc wizards and a friendly ball python.

Vanquished Creatures
  2 adders
  A worm (D:2)
  A dart slug (D:2)
  A leopard gecko (D:3)
  3 orcs (D:3)
  A giant cockroach (D:1)
  4 hobgoblins
  2 jackals (D:3)
  A quokka (D:3)
  5 bats
  6 frilled lizards
  5 goblins
  A kobold (D:1)
  6 rats
39 creatures vanquished.

Vanquished Creatures (collateral kills)
  Terence (D:3)
1 creature vanquished.

Grand Total: 40 creatures vanquished

Notes
Turn   | Place    | Note
-------+----------+-------------------------------------------
     0 | D:1      | sking99 the Draconian Transmuter began the quest for the Orb.
     0 | D:1      | Reached XP level 1. HP: 16/16 MP: 3/3
   244 | D:1      | Reached XP level 2. HP: 21/23 MP: 3/5
   481 | D:2      | Learned a level 2 spell: Sticks to Snakes
   629 | D:2      | Found a faded altar of an unknown god.
   818 | D:2      | Reached XP level 3. HP: 29/29 MP: 4/6
   888 | D:2      | Reached skill level 4 in Unarmed Combat
  1025 | D:2      | Found a white marble altar of Elyvilon.
  1499 | D:3      | Noticed Terence
  1513 | D:3      | Killed Terence
  1513 | D:3      | Reached XP level 4. HP: 26/36 MP: 0/7
  1898 | D:2      | Gained mutation: Your body sometimes deteriorates upon taking damage. [potion of mutation]
  1898 | D:2      | Gained mutation: Scrolls take you a little longer to read. [potion of mutation]
  1898 | D:2      | Gained mutation: You have sharp toenails. [potion of mutation]
  1900 | D:2      | Slain by an orc wizard

Vault maps used:
D:1:      dpeg_arrival_tiny_a
D:2:      marbit_many_paths, chequers_ecumenical_altar_grove
D:3:      uniq_terence

Skill      XL: |  1  2  3 |
---------------+----------+-----
Unarmed Combat | 4 |  4.5
Fighting       | |  1.7
Dodging        | |  1.7
Spellcasting   | |  2.0
Transmutations | |  2.7

Action                   |  1- 3 |  4- 6 || total
-------------------------+-------+-------++-------
Melee: Unarmed           |    96 |    40 ||   136
       Kick              |     8 |     3 ||    11
       Headbutt          |     3 |       ||     3
       Tailslap          |     9 |     4 ||    13
 Cast: Beastly Appendage |    19 |     1 ||    20
       Sticks to Snakes  |     4 |     2 ||     6
  Use: Potion            |       |     1 ||     1
  Eat: Chunk             |     2 |     1 ||     3
Armor: Skin              |    37 |    15 ||    52
Dodge: Dodged            |    61 |    36 ||    97

Table legend:
 A = Spawn XP
 B = Non-spawn XP
 C = Spawn XP percentage of total XP
 D = Spawn monster count
 E = Non-spawn monster count
 F = Spawn count percentage of total count
 G = Total turns spent on level
                    A         B        C        D         E        F      G
               +---------+---------+-------+---------+---------+-------+---------
         Total |       0 |     122 |   0.0 |       0 |      40 |   0.0 |  1900
               +---------+---------+-------+---------+---------+-------+---------
           D:1 |       0 |      21 |   0.0 |       0 |      16 |   0.0 |   477
           D:2 |       0 |      30 |   0.0 |       0 |       8 |   0.0 |   905
           D:3 |       0 |      71 |   0.0 |       0 |      16 |   0.0 |   518
               +---------+---------+-------+---------+---------+-------+---------
